 Dungeon Crawl Stone Soup version 0.30-a0-652-gcc886f7154 (webtiles) character file.

Game seed: 4251050834068085773

124 wormed the Ducker (level 5, -6/36 HPs)
             Began as an Octopode Warper on Jan 18, 2023.
             Killed from afar by Ijyb (14 damage)
             ... with a bolt of light
             ... on level 4 of the Dungeon.
             The game lasted 00:04:12 (2379 turns).

wormed the Ducker (Octopode Warper)                 Turns: 2379, Time: 00:04:13

Health: -6/36      AC:  1    Str: 10    XL:     5   Next: 8%
Magic:  7/9        EV: 13    Int: 18    God:
Gold:   155        SH:  0    Dex: 11    Spells: 7/9 levels left

rFire   . . .      SeeInvis .      - Unarmed
rCold   . . .      Faith    .    (no shield)
rNeg    . . .      Spirit   .    (helmet restricted)
rPois   .          Reflect  .    (no amulet)
rElec   .          Harm     .    (no ring)
rCorr   .          Rampage  .    (no ring)
Will    .....                    (no ring)
Stlth   ++                       (no ring)
HPRegen 0.26/turn                (no ring)
MPRegen 0.11/turn                (no ring)
                                 (no ring)
                                 (no ring)

@: on blink cooldown
A: almost no armour, amphibious, 8 rings, camouflage 1, gelatinous body 1,
(nimble swimmer 1), tentacles
a: no special abilities


You were on level 4 of the Dungeon.
You visited 1 branch of the dungeon, and saw 4 of its levels.

You collected 155 gold pieces.

Inventory:

Scrolls
 b - 2 scrolls of identify
 d - 2 scrolls of fear
 f - 3 scrolls of immolation
 g - 2 scrolls of teleportation
Potions
 c - a potion of cancellation
 e - a potion of might {unknown}
 h - a potion of magic {unknown}
 i - a potion of degeneration {unknown}
 j - a potion of ambrosia {unknown}
 k - 2 potions of curing {unknown}
 l - a potion of flight {unknown}


   Skills:
 + Level 3.0 Fighting
 - Level 1.0 Throwing
 + Level 3.3 Dodging
 + Level 3.0 Unarmed Combat
 + Level 2.9 Spellcasting
 - Level 3.0 Translocations


You had 7 spell levels left.
You knew the following spells:

 Your Spells              Type           Power      Damage    Failure   Level
k - Blink                 Tloc           26%        N/A       8%          2

Your spell library contained the following spells:

 Spells                   Type           Power      Damage    Failure   Level
 Lesser Beckoning         Tloc           26%        N/A       8%          2
 Teleport Other           Tloc           13%        N/A       14%         3
 Vhi's Electric Charge    Tloc/Air       16%        N/A       26%         3
 Manifold Assault         Tloc           13%        N/A       43%         4
 Ozocubu's Armour         Ice            2%         N/A       45%         3
 Anguish                  Hex/Necr       1%         N/A       86%         4
 Enfeeble                 Hex            1%         N/A       100%        7
 Ozocubu's Refrigeration  Ice            1%         4d7       100%        7


Dungeon Overview and Level Annotations

Branches:
Dungeon (4/15)
 Temple: D:4-7

Altars:

Shops:
D:2 :

Annotations:
D:4 Ijyb


Innate Abilities, Weirdness & Mutations

You cannot wear most types of armour.
You are amphibious.
You can wear up to eight rings at the same time.
Your skin changes colour to match your surroundings (Stealth+).
Your rubbery body absorbs attacks. (AC +1, EV +1)
((You are camouflaged when in or above water. (Stealth+)))
You have tentacles for arms and can constrict up to eight enemies at once.


Message History

Press: ? - help, Q - select action, (/) - cycle Shift-Dir - straight line, f/p - phantom
Aim: a phantom (43% to hit)
You throw a curare-tipped dart.
The curare-tipped dart hits the phantom.
Unknown command.
Ijyb screams, "It's all mine!"
You miss the phantom. The phantom hits you.
The phantom attacks as you move away! The phantom hits you.
The dart slug briefly extends its eye-stalks.
You barely miss the phantom. Your squeeze misses the phantom.
The phantom hits you.
You tentacle-slap the phantom but do no damage.
The phantom hits you.
The phantom blinks!
You blink.
You tentacle-slap the phantom but do no damage.
The phantom hits you.
You tentacle-slap the phantom but do no damage.
The phantom closely misses you.
You barely miss the phantom. You squeeze the phantom!
The phantom is heavily damaged.
The phantom hits you.
You tentacle-slap the phantom.
The phantom is heavily damaged.
The phantom hits you.
You closely miss the phantom.
You squeeze the phantom, but do no damage.
The phantom is heavily damaged.
Ijyb is no longer moving slowly.
Ijyb looks more healthy.
The phantom hits you.
The phantom blinks!
You blink.
Sorry, you're not good enough to have a special ability.
Unknown command.
The phantom attacks as you move away! The phantom hits you.
* * * LOW HITPOINT WARNING * * *
The orc shouts!
Sorry, you're not good enough to have a special ability.
Casting: Blink (safe; 8% risk of failure)
Confirm with . or Enter, or press ? or * to list all spells.
You blink.
The orc hits you but does no damage.
Ijyb zaps a wand.
The bolt of light hits you!
You die...

#.# #. #.# #.
#.# #.######.#
.###......g.##
.........(...#
........W?...#
.............#
......o@.?...#
.............#
....(........#
........<....#
.............#
.............#
##############


You could see a phantom, Ijyb and an orc.

Vanquished Creatures
  Robin (D:3)
  3 adders
  2 worms
  A dart slug (D:3)
  2 orcs (D:3)
  4 bats
  5 endoplasms
  7 giant cockroaches
  9 goblins
  10 hobgoblins
  5 jackals (D:2)
  4 quokkas
  5 ball pythons
  4 frilled lizards
  3 kobolds
  3 rats
68 creatures vanquished.

Notes
Turn   | Place    | Note
-------+----------+-------------------------------------------
     0 | D:1      | wormed the Octopode Warper began the quest for the Orb.
     0 | D:1      | Reached XP level 1. HP: 14/14 MP: 3/3
    98 | D:1      | Reached XP level 2. HP: 11/19 MP: 5/5
   155 | D:1      | Learned a level 2 spell: Blink
   662 | D:1      | Reached XP level 3. HP: 25/25 MP: 6/6
  1045 | D:2      | Reached XP level 4. HP: 18/30 MP: 7/7
  1113 | D:2      | Found Ylovimn's Book Boutique.
  1610 | D:3      | Noticed Robin
  1622 | D:4      | Noticed Ijyb
  1622 | D:4      | Noticed a phantom
  2019 | D:3      | Killed Robin
  2020 | D:3      | Reached XP level 5. HP: 9/36 MP: 7/9
  2379 | D:4      | Killed from afar by Ijyb

Illustrated notes

Levels and vault maps discovered:
D:1:      ebering_hopf_link, layout_loops_cross, minmay_worlds_worst_comb
D:2:      layout_rooms, serial_shops, nicolae_shop_hallway_stairs,
          minmay_ruptured
D:3:      layout_loops_cross, uniq_robin
D:4:      layout_basic, dk_yredelemnul_ordeal, serial_curves, eino_curves_01,
          eino_curves_03, minivault_5, minmay_misc_feat_tower,
          uniq_crazy_yiuf_cottage, uniq_pikel, uniq_ijyb

Skill      XL: |  1  2  3  4  5 |
---------------+----------------+-----
Dodging        | 3 |  3.3
Unarmed Combat | 3 |  3.0
Fighting       | 3 |  3.0
Throwing       | |  1.0
Spellcasting   | |  2.9
Translocations | |  3.0

Action                   |  1- 3 |  4- 6 || total
-------------------------+-------+-------++-------
Melee: Unarmed           |    79 |    84 ||   163
       Constrict         |    19 |    18 ||    37
       Tentacles         |    17 |    19 ||    36
       Punch             |     1 |     1 ||     2
Throw: Dart              |       |     7 ||     7
 Cast: Blink             |       |     3 ||     3
  Use: Scroll            |     5 |     3 ||     8
 Stab: Sleeping          |     4 |     3 ||     7
Armor: Skin              |     6 |    11 ||    17
Dodge: Dodged            |    60 |    62 ||   122

Table legend: (Time is in decaauts)
 A = Elapsed time spent in this place.
 B = Non-inter-level travel time spent in this place.
 C = Inter-level travel time spent in this place.
 D = Time resting spent in this place.
 E = Time spent auto-exploring this place.
 F = Levels seen in this place.
 G = Mean time per level.
                   A        B        C        D        E       F      G
               +--------+--------+--------+--------+--------+-----+--------+
         Total |   2371 |   2300 |     71 |     31 |   1810 |   4 |  592.8 |
       Dungeon |   2371 |   2300 |     71 |     31 |   1810 |   4 |  592.8 |
               +--------+--------+--------+--------+--------+-----+--------+

Top non-repeatable levels by time:
     D:3: 921 daAuts
     D:1: 807 daAuts
     D:2: 604 daAuts
     D:4: 37 daAuts
